 Dungeon Crawl Stone Soup version 0.29.1-15-g9cfb28693d (webtiles) character file.

Game seed: 7975182873067646912

28 leafyfresh the Sneak (level 3, -8/26 HPs)
             Began as an Octopode Delver on Mar 9, 2023.
             Killed by divine providence
             ... invoked by an orc priest
              (15 damage)
             ... on level 6 of the Dungeon.
             The game lasted 00:00:40 (531 turns).

leafyfresh the Sneak (Octopode Delver)               Turns: 531, Time: 00:00:41

Health: -8/26      AC:  1    Str: 11    XL:     3   Next: 14%
Magic:  3/3        EV: 13    Int: 14    God:
Gold:   34         SH:  0    Dex: 13    Spells: 2/2 levels left

rFire   . . .      SeeInvis .   a - +0 short sword
rCold   . . .      Faith    .   (no shield)
rNeg    . . .      Spirit   .   (helmet restricted)
rPois   .          Reflect  .   (no amulet)
rElec   .          Harm     .   (no ring)
rCorr   .          Rampage  .   (no ring)
Will    .....                   (no ring)
Stlth   ++++......              (no ring)
HPRegen 0.08/turn               (no ring)
MPRegen 0.08/turn               (no ring)
                                (no ring)
                                (no ring)

@: no status effects
A: almost no armour, amphibious, 8 rings, camouflage 1, gelatinous body 1,
(nimble swimmer 1), tentacles
a: no special abilities


You were on level 6 of the Dungeon.
You visited 1 branch of the dungeon, and saw 2 of its levels.

You collected 34 gold pieces.

Inventory:

Hand Weapons
 a - a +0 short sword (weapon)
Wands
 f - a wand of digging (3)
Scrolls
 b - a scroll of fog
 c - a scroll of magic mapping
 d - a scroll of fear
 g - a scroll of blinking {unknown}
Potions
 e - a potion of haste
 h - a potion of mutation {unknown}


   Skills:
 + Level 3.4 Fighting
 - Level 2.0 Short Blades
 + Level 2.5 Dodging
 + Level 7.0 Stealth


You had 2 spell levels left.
You didn't know any spells.
Your spell library was empty.

Dungeon Overview and Level Annotations

Branches:
Dungeon (6/15)
 Temple: D:4-7

Altars:


Innate Abilities, Weirdness & Mutations

You cannot wear most types of armour.
You are amphibious.
You can wear up to eight rings at the same time.
Your skin changes colour to match your surroundings (Stealth+).
Your rubbery body absorbs attacks. (AC +1, EV +1)
((You are camouflaged when in or above water. (Stealth+)))
You have tentacles for arms and can constrict up to eight enemies at once.


Message History

The orc shouts!
You hear a shout!
The orc hits you with a +0 dagger.
You see here an adder corpse.
You hit the orc but do no damage. Your grab misses the orc.
You squeeze the orc.
The orc is heavily wounded.
The orc hits you with a +0 dagger.
You closely miss the orc. Your grab misses the orc.
Your squeeze misses the orc.
The orc is heavily wounded.
The orc wizard points at you and mumbles some strange words.
The puff of flame hits you!
You are too injured to fight recklessly!
You are too injured to fight recklessly!
You are too injured to fight recklessly!
You are too injured to fight recklessly!
Unknown command.
You hit the orc but do no damage. You grab the orc.
The orc is heavily wounded.
You constrict the orc. The orc closely misses you.
The orc wizard gestures wildly while chanting.
The orc wizard flickers and vanishes!
Deactivating autopickup; reactivate with Ctrl-A.
You hit the orc but do no damage. You squeeze the orc, but do no damage.
The orc is severely wounded.
You constrict the orc, but do no damage.
The orc closely misses you.
You hear some strange, mumbled words.
A puff of flame appears from out of thin air!
The puff of flame misses you.
You release your grip on the orc.
A necrophage comes into view.
The orc hits you with a +0 dagger. Something hits you.
You miss something. The orc closely misses you.
The orc shoots a sling bullet.
The sling bullet hits you.
* * * LOW HITPOINT WARNING * * *
The orc priest mumbles some strange prayers to Beogh against you.
Beogh smites you!
Ouch! That really hurt!
You die... ... .# ... ..##. ..# ....n #.. .... #.# #..# #.# oo#

# #.# #{# .######.#
#@## ###......>..
#o†####$...#####.#
##...##.# #.#
###.##.# #.#
#.....########.#
#..#...)..#......
....#######........
.#### ###......
#......


You could see a necrophage (wandering), an orc priest and 2 orcs.

Vanquished Creatures
  3 adders
3 creatures vanquished.

Notes
Turn   | Place    | Note
-------+----------+-------------------------------------------
     0 | D:5      | leafyfresh the Octopode Delver began the quest for the Orb.
     0 | D:5      | Reached XP level 1. HP: 16/16 MP: 1/1
    15 | D:5      | Reached XP level 2. HP: 21/21 MP: 2/2
    57 | D:6      | Noticed a water moccasin
   525 | D:6      | Reached skill level 7 in Stealth
   525 | D:6      | Reached XP level 3. HP: 26/26 MP: 3/3
   530 | D:6      | Noticed a necrophage
   531 | D:6      | Killed from afar by an orc priest

Illustrated notes

Levels and vault maps discovered:
D:5:      layout_cave_pools, trog_wizard, fountainhead, chequers_big_river,
          kennysheep_cross_room, hangedman_decor_lopped, roderic_lattice_a,
          nicolae_shop_clearance
D:6:      wad_lake_hut, layout_rooms

Skill      XL: |  1  2 |
---------------+-------+-----
Stealth        | 7 |  7.0
Fighting       | |  3.4
Short Blades   | |  2.0
Dodging        | |  2.5

Action                   || total
-------------------------++-------
Melee: Short sword       ||    11
       Constrict         ||     3
       Tentacles         ||     2
 Stab: Sleeping          ||     2
Dodge: Dodged            ||     6
